 Dungeon Crawl Stone Soup version 0.28.0-53-g5a82cb258f (webtiles) character file.

Game seed: 2574754135795507636

82 nickcage the Slasher (level 4, -8/35 HPs)
             Began as a Demonspawn Abyssal Knight on May 24, 2022.
             Was a Follower of Lugonu.
             Killed from afar by Ijyb (12 damage)
             ... with a bolt of acid
             ... on level 3 of the Dungeon.
             The game lasted 00:04:03 (2094 turns).

nickcage the Slasher (Demonspawn Abyssal Knight)    Turns: 2094, Time: 00:04:03

Health: -8/35      AC:  7    Str: 15    XL:     4   Next: 21%
Magic:  5/5        EV: 10    Int: 18    God:    Lugonu [*.....]
Gold:   41         SH:  0    Dex: 13    Spells: 3/3 levels left

rFire   . . .      SeeInvis .   a - +1 falchion
rCold   . . .      Faith    .   (no shield)
rNeg    . . .      Spirit   .   e - +0 ring mail
rPois   .          Reflect  .   l - +1 helmet
rElec   .          Harm     .   (no cloak)
rCorr   .          Rampage  .   (no gloves)
Will    .....                   (no boots)
Stlth   +.........              (no amulet)
HPRegen 0.11/turn               k - +6 ring of intelligence
MPRegen 0.09/turn               (no ring)

@: no status effects
A: demonic magic 1, demonic touch 1
a: Renounce Religion, Depart the Abyss


You were on level 3 of the Dungeon.
You worshipped Lugonu.
Lugonu was aware of your devotion.
You visited 1 branch of the dungeon, and saw 3 of its levels.
You visited the Abyss 1 time.

You collected 61 gold pieces.
You spent 20 gold pieces at shops.

Inventory:

Hand Weapons
 a - a +1 falchion (weapon)
Missiles
 j - 5 poisoned darts (quivered)
Armour
 b - a +0 leather armour
 e - a +0 ring mail (worn)
 l - a +1 helmet (worn)
Jewellery
 k - a +6 ring of intelligence (left hand)
Scrolls
 c - a scroll of enchant weapon {unknown}
 g - a scroll of teleportation
 i - 2 scrolls of identify
Potions
 d - a potion of berserk rage


   Skills:
 - Level 3.0 Fighting
 + Level 3.3 Long Blades
 + Level 3.0 Armour
 - Level 0.8 Dodging
 - Level 2.4 Invocations


You had 3 spell levels left.
You didn't know any spells.
Your spell library contained the following spells:

 Spells                   Type           Power      Damage    Failure   Level
 Freeze                   Ice            0%         1d3       38%         1
 Frozen Ramparts          Ice            0%         1d2       77%         3
 Hailstorm                Conj/Ice       0%         3d3       99%         4


Dungeon Overview and Level Annotations

Branches:
Dungeon (3/15)

Altars:

Shops:
D:2 *[:*:

Annotations:
D:3 Ijyb


Innate Abilities, Weirdness & Mutations

Spells you cast may paralyse adjacent enemies.
Your touch may inflict minor irresistible damage on your foes.


Message History

You open the door.
There is an open door here.
Found a spear.
You see here a +0 spear.
A kobold comes into view. It is wielding a +0 morningstar.
The kobold shouts!
You hear an angry hiss.
The kobold throws a stone.
The stone closely misses you.
A frilled lizard comes into view.
Ijyb the Twisted Goblin comes into view.
She is wielding a +0 club and carrying a wand of acid (10).
Found 5 poisoned darts.
The frilled lizard closely misses you.
You barely miss the frilled lizard.
You touch the frilled lizard.
You kill the frilled lizard!
Lugonu accepts your kill. The kobold closely misses you.
Ijyb zaps a wand.
The bolt of acid misses you. The kobold barely misses you.
You hit the kobold but do no damage.
An orc comes into view. It is wielding a +0 hand axe.
The kobold misses you.
The orc shouts!
You hit the kobold.
You kill the kobold!
Lugonu accepts your kill.
You hear an angry hiss.
Your Armour skill increases to level 3!
You see here a frilled lizard corpse.
You closely miss Ijyb. Your punch misses Ijyb.
Ijyb hits you but does no damage. x2
You hit Ijyb but do no damage. Ijyb hits you with a +0 club.
You completely miss Ijyb. Ijyb screams, "I dance on your bones!"
Ijyb zaps a wand.
The bolt of acid hits you!!
Ouch! That really hurt!
* * * LOW HITPOINT WARNING * * *
A ball python comes into view.
An adder comes into view.
The orc closely misses you.
The adder hisses angrily.
The ball python hisses angrily.
You hit Ijyb.
Ijyb is lightly wounded.
Ijyb zaps a wand.
The bolt of acid hits you!
You die...

#.# #.# #)#
#.# #.# ####
#####.##.....
#.........#
####.###.##..#
#(....g@)# .#
#.##.###o# #
...# ...S.
#......
##.##### #S#
.#


You could see Ijyb, an adder, an orc and a ball python.

Vanquished Creatures
  A hound (D:3)
  An adder (D:2)
  2 worms (D:2)
  3 dart slugs
  4 endoplasms
  4 goblins
  5 hobgoblins
  A quokka (D:3)
  4 bats
  3 frilled lizards
  3 kobolds
  4 rats
35 creatures vanquished.

Vanquished Creatures (others)
  3 plants (D:2)
3 creatures vanquished.

Grand Total: 38 creatures vanquished

Notes
Turn   | Place    | Note
-------+----------+-------------------------------------------
     0 | Abyss:1  | nickcage the Demonspawn Abyssal Knight began the quest for
                  | the Orb.
     0 | Abyss:1  | Reached XP level 1. HP: 18/18 MP: 2/2
     0 | D:1      | Escaped the Abyss
   293 | D:1      | Reached * piety under Lugonu
   650 | D:1      | Gained mutation: Spells you cast may paralyse adjacent
                  | enemies. [demonic ancestry]
   650 | D:1      | Reached XP level 2. HP: 24/24 MP: 3/3
  1012 | D:2      | Found Fuheckor's Armour Shoppe.
  1024 | D:2      | Found Isavuof's General Store.
  1036 | D:2      | Bought 5 poisoned darts for 20 gold pieces
  1264 | D:2      | Gained mutation: Your touch may inflict minor irresistible
                  | damage on your foes. [demonic ancestry]
  1264 | D:2      | Reached XP level 3. HP: 29/29 MP: 4/4
  1342 | D:2      | Found Cabel's Book Shop.
  1506 | D:2      | Found Nyust's Assorted Antiques.
  1669 | D:2      | Found Futtoargh's Book Shop.
  1798 | D:2      | Found a faded altar of an unknown god.
  1894 | D:3      | Reached XP level 4. HP: 18/35 MP: 5/5
  2086 | D:3      | Noticed Ijyb
  2094 | D:3      | Killed from afar by Ijyb

Illustrated notes

Levels and vault maps discovered:
D:1:      shiori_arrival_oz, layout_loops_ring, chequers_avenue
D:2:      layout_rooms, dilly_ecumenical_altar_fadedgnrine, serial_shops,
          shop_fountains, shop, shop, shop_fountains, shop, hex_intersection
D:3:      layout_loops_corners, old_standard_altar, uniq_grinder, uniq_terence,
          uniq_ijyb

Skill      XL: |  1  2  3  4 |
---------------+-------------+-----
Long Blades    | 2 3 |  3.3
Armour         | 2 3 |  3.0
Fighting       | |  3.0
Dodging        | |  0.8
Invocations    | |  2.4

Action                   |  1- 3 |  4- 6 || total
-------------------------+-------+-------++-------
Melee: Falchion          |    99 |    15 ||   114
       Touch             |    13 |     3 ||    16
Invok: Depart the Abyss  |     1 |       ||     1
  Use: Scroll            |     5 |       ||     5
Armor: Ring mail         |    47 |     7 ||    54
       Leather armour    |     1 |       ||     1
Dodge: Dodged            |    43 |    14 ||    57
